 Dungeon Crawl Stone Soup version 0.31-a0-851-g7ff8af7976 (webtiles) character file.

Game seed: 11373104360291421822

16153 CrazyBamboolord the Dealer of Despair (level 12, 0/62 HPs)
             Began as a Vine Stalker Necromancer on Oct 5, 2023.
             Was an Elder of Kikubaaqudgha.
             Slain by a skyshark (13 damage)
             ... on level 2 of the Lair of Beasts on Oct 7, 2023.
             The game lasted 00:45:42 (15645 turns).

CrazyBamboolord the Dealer of Despair (VSNe)       Turns: 15645, Time: 00:45:42

Health: 0/62       AC: 14    Str: 11    XL:     12   Next: 34%
Magic:  0/28       EV: 15    Int: 19    God:    Kikubaaqudgha [****..]
Gold:   451        SH:  0    Dex: 16    Spells: 8/33 levels left

rFire   . . .        y - +2 short sword (vamp)
rCold   . . .        (no shield)
rNeg    + + .        z - +0 steam dragon scales
rPois   +            h - +2 helmet
rElec   .            u - +2 cloak
rCorr   .            (no gloves)
SInv    .            b - +2 pair of boots
Will    +....        i - amulet "Earthly Heaven" {rPois Regen+ Stlth+}
Stlth   +++++        t - ring of positive energy
HPRegen 1.90/turn    v - ring of positive energy
MPRegen 0.21/turn

%: guardian spirit
@: no status effects
A: fangs 3, regeneration 1, magic shield, antimagic bite, no potion heal 2
a: Renounce Religion, Unearth Wretches


You were on level 2 of the Lair of Beasts.
You worshipped Kikubaaqudgha.
Kikubaaqudgha was greatly pleased with you.
You visited 3 branches of the dungeon, and saw 14 of its levels.
You also visited: Ossuary.

You collected 929 gold pieces.
You spent 478 gold pieces at shops.

Inventory:

Hand Weapons
 y - a +2 vampiric short sword (weapon)
Missiles
 D - a throwing net
Armour
 b - a +2 pair of boots (worn)
 h - a +2 helmet (worn)
 u - a +2 cloak (worn)
 w - a +2 robe of willpower
 z - +0 steam dragon scales (worn)
Jewellery
 i - the amulet "Earthly Heaven" (around neck) {rPois Regen+ Stlth+}
   (You acquired it on level 8 of the Dungeon)

   [amulet of regeneration]

   rPois:     It protects you from poison Regen+: It increases your rate of
   health regeneration.
   Stlth+:    It makes you more stealthy.
 t - a ring of positive energy (left hand)
 v - a ring of positive energy (right hand)
Wands
 C - a wand of mindburst (2)
 H - a wand of polymorph (6)
Scrolls
 d - 2 scrolls of fear
 e - a scroll of amnesia
 g - 6 scrolls of teleportation
 j - 2 scrolls of torment
 l - a scroll of summoning
 m - 4 scrolls of noise
 o - 2 scrolls of immolation
 q - a scroll of vulnerability {unknown}
 r - a scroll of fog
 A - 2 scrolls of revelation
 F - a scroll of blinking
 G - a scroll of enchant weapon {unknown}
 I - a scroll of acquirement
Potions
 a - 2 potions of haste
 c - a potion of cancellation
 f - 4 potions of attraction
 k - 6 potions of curing
 n - 2 potions of enlightenment {unknown}
 p - 5 potions of lignification
 s - a potion of brilliance {unknown}
 x - 2 potions of mutation
 B - a potion of might {unknown}
 E - 4 potions of heal wounds {unknown}


   Skills:
 + Level 6.8 Fighting
 + Level 6.4 Dodging
 - Level 9.0 Stealth
 * Level 11.2 Spellcasting
 * Level 11.8 Necromancy


You had 8 spell levels left.
You knew the following spells:

 Your Spells              Type           Power      Damage    Failure   Level
a - Necrotise             Necr           100%       1d9       1%          1
b - Vampiric Draining     Necr           53%        2d9       1%          3
c - Sublimation of Blood  Necr           53%        N/A       1%          2
d - Animate Dead          Necr           53%        N/A       1%          4
e - Agony                 Necr           53%        N/A       1%          5
f - Dispel Undead         Necr           53%        3d19      1%          4
g - Death Channel         Necr           26%        N/A       8%          6

Your spell library contained the following spells:

 Spells                   Type           Power      Damage    Failure   Level
 Kiss of Death            Conj/Necr      100%       2d13      1%          1
 Cigotuvi's Dreadful Rot  Necr/Pois/Air  50%        N/A       1%          2
 Apportation              Tloc           20%        N/A       7%          1
 Blink                    Tloc           20%        N/A       10%         2
 Jinxbite                 Hex            20%        N/A       10%         2
 Lesser Beckoning         Tloc           20%        N/A       10%         2
 Momentum Strike          Conj/Tloc      20%        3d8       10%         2
 Wereblood                Tmut           10%        N/A       10%         2
 Confusing Touch          Hex            10%        N/A       21%         3
 Frozen Ramparts          Ice            20%        1d4       21%         3
 Gell's Gravitas          Tloc           10%        N/A       21%         3
 Teleport Other           Tloc           10%        N/A       21%         3
 Animate Armour           Summ/Erth      20%        N/A       54%         4
 Manifold Assault         Tloc           10%        N/A       54%         4
 Petrify                  Tmut/Erth      10%        N/A       54%         4
 Summon Ice Beast         Ice/Summ       10%        N/A       54%         4
 Summon Lightning Spire   Summ/Air       10%        N/A       54%         4
 Vhi's Electric Charge    Tloc/Air       20%        N/A       54%         4
 Simulacrum               Ice/Necr       16%        N/A       65%         6
 Alistair's Intoxication  Tmut/Pois      6%         N/A       88%         5
 Arcjolt                  Conj/Air       5%         1d15      88%         5
 Irradiate                Conj/Tmut      5%         3d13      88%         5
 Lee's Rapid Deconstruct  Erth           5%         3d6*      88%         5
 Metabolic Englaciation   Hex/Ice        5%         N/A       88%         5
 Summon Mana Viper        Hex/Summ       10%        N/A       88%         5
 Dispersal                Tloc           5%         N/A       100%        6
 Plasma Beam              Fire/Air       5%         2x1d15    100%        6
 Monstrous Menagerie      Summ           5%         N/A       100%        7
 Summon Hydra             Summ           5%         N/A       100%        7


Dungeon Overview and Level Annotations

Branches:
Dungeon (11/15)            Temple (1/1) D:7            Lair (2/5) D:11
    Orc (0/2) D:9         Ossuary (visited)
  Swamp: Lair:2-3    Shoals: Lair:2-3     Snake: Lair:2-3    Spider: Lair:2-3

Altars:
Ashenzari
Cheibriados
Dithmenos
Elyvilon
Fedhas
Gozag
Hepliaklqana
Kikubaaqudgha
Makhleb
Nemelex Xobeh
Okawaru
Qazlal
Ru
Sif Muna
Trog
Uskayaw
Vehumet
Wu Jian
Xom
Yredelemnul
Zin
The Shining One

Shops:
D:5 *   D:7 :

Annotations:
D:1 1 exclusion
Lair:1 2 transporters
Lair:2 Ratslayer's ghost, journeyman MiBe


Innate Abilities, Weirdness & Mutations

You have razor-sharp teeth.
Your natural rate of healing is unusually fast.
When hurt, damage is shared between your health and your magic reserves.
Your bite disrupts and absorbs the magic of your enemies.
Potions cannot restore your health.


Message History

The basilisk is heavily wounded.
The basilisk misses you.
You draw life force from the basilisk!!
You kill the basilisk!
Kikubaaqudgha accepts your kill.
The bullfrog gives a loud, deep croak!
You hear a bellow!
Found 7 gold pieces.
The skyshark attacks as it pursues you! The skyshark bites you!
The skyshark tastes blood and grows stronger!
The skyshark tail-slaps you but does no damage.
The skyshark tail-slaps you! The bullfrog attacks as it pursues you!
The bullfrog hits you but does no damage.
A komodo dragon comes into view.
The skyshark attacks as it pursues you!
The skyshark bites you but does no damage.
The skyshark tail-slaps you but does no damage.
The skyshark tail-slaps you!
Found a stone staircase leading down.
The skyshark attacks as it pursues you! The skyshark bites you.
The skyshark enters a blood-rage!
The skyshark completely misses you.
The skyshark tail-slaps you but does no damage.
The skyshark misses you. The skyshark closely misses you.
The skyshark tail-slaps you. The skyshark attacks as it pursues you!
The skyshark bites you but does no damage.
The skyshark tail-slaps you. x2
The skyshark attacks as it pursues you! The skyshark misses you.
The skyshark tail-slaps you but does no damage.
The skyshark misses you. The skyshark closely misses you.
The skyshark tail-slaps you! The skyshark tail-slaps you.
The skyshark closely misses you. x2; The skyshark tail-slaps you!
The skyshark bites you!! The skyshark tail-slaps you!
* * * LOW HITPOINT WARNING * * *
The skyshark tail-slaps you!
* * * LOW HITPOINT WARNING * * *
The skyshark rages.
The skyshark bites you!
You die...
Kikubaaqudgha rasps: "You have failed me!
Welcome... death!"

#...P.##.#P#.......
##..................
#.......?...........
#....$...[..........
#........Y.........
#..............##P.
#..P#..###..P..P###
#Fl##.####.##..##
#.@#.......#...#
#.##...........# .
#<##.......#.......
#..........##..P...
##..+...........##..
#P.##...###.##..# ##
#..##...##..#...#
#(........... ....
##............ ...


You could see a skyshark (berserk) and a bullfrog.

Vanquished Creatures
  A boulder beetle (Lair:1)
  2 two-headed ogres
  Pikel (D:8)
  A manticore (D:11)
  2 black mambas (Lair:2)
  3 cane toads
  An unseen horror (D:11)
  Maggie (D:9)
  A hornet (D:8)
  Sigmund (D:5)
  3 shadows
  2 wraiths
  2 wyverns
  24 yaks
  A spriggan (D:8)
  Menkaure (D:5)
  2 basilisks
  2 steam dragons
  8 water moccasins
  An acid dragon (D:10)
  4 orc warriors
  2 sky beasts
  3 black bears (D:11)
  11 centaurs
  5 kobold brigands
  3 elf zombies (Ossuary)
  A gnoll sergeant (D:8)
  5 bullfrogs
  3 scorpions (D:5)
  13 wights
  7 killer bees
  6 howler monkeys
  A gnoll bouda (D:9)
  3 orc priests
  2 jellies
  3 hounds (D:5)
  2 human zombies (Ossuary)
  A sleepcap (D:6)
  3 iguanas
  8 orc wizards
  2 mummies (Ossuary)
  9 gnolls
  12 adders
  A shadow imp (D:7)
  A white imp (D:6)
  An ufetubus (D:5)
  3 adder zombies (Ossuary)
  A worm (D:2)
  2 dart slugs (D:4)
  35 orcs
  4 endoplasms
  2 giant cockroaches
  5 goblins
  7 hobgoblins
  4 jackals (D:4)
  2 quokkas
  9 ball pythons
  2 bats (D:1)
  2 frilled lizards
  A goblin zombie (Ossuary)
  12 hobgoblin zombies (Ossuary)
  19 kobolds
  9 kobold zombies (Ossuary)
  6 orc zombies (Ossuary)
  5 rats
  A rat zombie (Ossuary)
  A butterfly (Lair:1)
304 creatures vanquished.

Vanquished Creatures (collateral kills)
  2 orc priests
  An adder (D:2)
  A white imp (D:7)
  2 orcs (D:4)
  A ball python (D:3)
7 creatures vanquished.

Grand Total: 311 creatures vanquished

Notes
Turn   | Place    | Note
-------+----------+-------------------------------------------
     0 | D:1      | CrazyBamboolord the Vine Stalker Necromancer began the
                  | quest for the Orb.
     0 | D:1      | Reached XP level 1. HP: 9/9 MP: 4/4
   242 | D:1      | Reached XP level 2. HP: 13/13 MP: 1/6
   979 | D:2      | Reached XP level 3. HP: 17/17 MP: 2/7
   983 | D:2      | Learned a level 3 spell: Vampiric Draining
  1848 | D:3      | Reached XP level 4. HP: 21/21 MP: 5/9
  1928 | D:3      | Reached skill level 1 in Fighting
  2103 | D:3      | Found a blossoming altar of Fedhas.
  2281 | D:3      | Found a hazy altar of Hepliaklqana.
  2520 | D:3      | You fall into a shaft and drop 1 floor!
  2530 | D:4      | Reached XP level 5. HP: 25/25 MP: 8/10
  3194 | D:4      | Reached XP level 6. HP: 29/30 MP: 8/12
  3431 | D:4      | Learned a level 2 spell: Sublimation of Blood
  3449 | D:5      | Entered Level 5 of the Dungeon
  3449 | D:5      | Found Jacacw Geed's Neck Hole.
  3467 | D:5      | Reached skill level 5 in Necromancy
  3473 | D:5      | Bought a +1 cloak for 126 gold pieces
  3617 | D:5      | Reached skill level 5 in Stealth
  3675 | D:5      | Noticed an orc warrior
  3688 | D:5      | Killed an orc warrior
  3689 | D:5      | Reached XP level 7. HP: 31/35 MP: 0/14
  3812 | D:5      | Noticed Menkaure
  3821 | D:5      | Killed Menkaure
  4107 | D:5      | Noticed Sigmund
  4115 | D:5      | Killed Sigmund
  4116 | D:5      | Reached skill level 5 in Spellcasting
  4116 | D:5      | Gained mutation: You have razor-sharp teeth. [Vine Stalker
                  | growth]
  4116 | D:5      | Reached XP level 8. HP: 39/39 MP: 12/16
  5945 | D:7      | Found Susene's Book Boutique.
  5974 | D:7      | Reached XP level 9. HP: 38/44 MP: 6/19
  6075 | D:7      | Learned a level 4 spell: Animate Dead
  6815 | D:7      | Found a staircase to the Ecumenical Temple.
  6864 | Temple   | Entered the Ecumenical Temple
  6949 | Temple   | Became a worshipper of Kikubaaqudgha
  7204 | D:8      | Identified a scroll of acquirement
  7204 | D:8      | Acquired the amulet "Earthly Heaven" {rPois Regen+ Stlth+}
  7234 | D:8      | Found a sand-covered staircase.
  7243 | Ossuary  | Entered an ossuary
  7389 | Ossuary  | Reached * piety under Kikubaaqudgha
  7389 | Ossuary  | Received a gift from Kikubaaqudgha
  7632 | D:8      | Noticed Pikel
  7697 | D:8      | Killed Pikel
  7878 | D:8      | Reached XP level 10. HP: 50/50 MP: 17/21
  7965 | D:8      | Learned a level 5 spell: Agony
  8069 | D:8      | Found an opulent altar of Gozag.
  8130 | D:8      | Reached ** piety under Kikubaaqudgha
  8796 | D:8      | Noticed a two-headed ogre
  8810 | D:8      | Killed a two-headed ogre
  8811 | D:8      | Reached skill level 5 in Fighting
  9391 | D:9      | Reached skill level 5 in Dodging
  9395 | D:9      | Noticed Maggie
  9661 | D:9      | Killed Maggie
  9696 | D:9      | Reached XP level 11. HP: 56/56 MP: 9/25
 10293 | D:7      | Bought a book of Touch for 352 gold pieces
 10298 | D:7      | Learned a level 4 spell: Dispel Undead
 10467 | D:9      | Reached skill level 10 in Necromancy
 10675 | D:9      | Reached *** piety under Kikubaaqudgha
 10675 | D:9      | Received a gift from Kikubaaqudgha
 10691 | D:9      | Learned a level 6 spell: Death Channel
 10796 | D:9      | Found a staircase to the Orcish Mines.
 10993 | D:9      | Found a snail-covered altar of Cheibriados.
 10996 | D:9      | Found a shimmering blue altar of Sif Muna.
 11246 | D:10     | Entered Level 10 of the Dungeon
 11530 | D:10     | Noticed a cyan ugly thing
 12194 | D:11     | Noticed a manticore
 12203 | D:11     | Killed a manticore
 12380 | D:11     | Found a staircase to the Lair.
 12941 | D:11     | Reached skill level 10 in Spellcasting
 13284 | D:11     | Reached **** piety under Kikubaaqudgha
 13433 | D:11     | Noticed a two-headed ogre
 13444 | D:11     | Killed a two-headed ogre
 13694 | Lair:1   | Entered Level 1 of the Lair of Beasts
 13883 | D:11     | Reached XP level 12. HP: 62/62 MP: 1/27
 14095 | Lair:1   | Found a transporter.
 14269 | Lair:1   | Noticed a boulder beetle
 14290 | Lair:1   | Killed a boulder beetle
 14559 | Lair:1   | Found a transporter.
 14612 | Lair:1   | Found a shadowy altar of Dithmenos.
 15218 | Lair:2   | Noticed Ratslayer's ghost (journeyman MiBe)
 15218 | Lair:2   | Noticed a seven-headed hydra
 15221 | Lair:2   | Noticed a boulder beetle
 15623 | Lair:2   | Noticed a skyshark
 15645 | Lair:2   | Slain by a skyshark

Illustrated notes

Levels and vault maps discovered:
D:1:      ldierk_walled_garden, layout_loops_ring, item_on_display_a
D:2:      layout_rooms, kennysheep_generic_room_2
D:3:      layout_loops_cross, mainiacjoe_overflow_alcove_2,
          nicolae_hepliaklqana_hazy_memory, chequers_ecumenical_altar_grove,
          st_stairs_2, nicolae_half_adder
D:4:      layout_basic, kennysheep_generic_room_8
D:5:      layout_basic, chequers_jeans, nrook_mini_backslash,
          nicolae_shop_sticking_my_neck_out, uniq_sigmund, uniq_menkaure
D:6:      layout_loops_cross
D:7:      layout_cave_pools, minmay_temple_entry_enclosed_plants, serial_shops,
          nicolae_shop_statue_plus
D:8:      layout_cave_pods, nicolae_gozag_seed_capital,
          nicolae_ossuary_entry_ruins, the_hattery, uniq_pikel
D:9:      layout_basic, jmf_multi_god_temple, orc_0_dummy, uniq_maggie
D:10:     layout_rooms, nicolae_zen_rock_garden
D:11:     layout_loops_ring, due_lair_maze_entry_diamond
Temple:   minmay_crystal_spiral_temple
Lair:1:   gammafunk_cloud_chamber, layout_hall_layers, lemuel_centaur_altar,
          lemuel_fruit_fields
Lair:2:   layout_regular_city, nicolae_spider_entry_lesser_pyramids,
          gammafunk_ghost_split, st_stairs_11, nzn_random_ring

Skill      XL: |  1  2  3  4  5  6  7  8  9 10 11 12 |
---------------+-------------------------------------+-----
Stealth        | 3 4 5 6 7 9 |  9.0
Fighting       | 1 2 3 4 5 6 |  6.8
Dodging        | 2 3 4 5 6 |  6.4
Spellcasting   | 3 4 5 6 7 9 10 11 | 11.2
Necromancy     | 5 6 8 9 11 | 11.8

Action                     |  1- 3 |  4- 6 |  7- 9 | 10-12 || total
---------------------------+-------+-------+-------+-------++-------
  Melee: Unarmed           |     3 |       |       |       ||     3
         Dagger            |       |    18 |    80 |       ||    98
         Bite              |       |     3 |    95 |   203 ||   301
         Punch             |       |       |     5 |    12 ||    17
         Short sword       |       |       |   206 |   502 ||   708
   Cast: Necrotise         |    66 |    86 |   154 |    88 ||   394
         Vampiric Draining |       |     2 |    12 |   170 ||   184
         Agony             |       |       |       |     6 ||     6
         Dispel Undead     |       |       |       |    16 ||    16
  Evoke: Wand              |       |     1 |    13 |     4 ||    18
    Use: Scroll            |     1 |     5 |     9 |    11 ||    26
         Potion            |       |       |       |     1 ||     1
   Stab: Sleeping          |       |     3 |    16 |    10 ||    29
 Armour: Robe              |    11 |    40 |   267 |   199 ||   517
         Steam dragon scal |       |       |       |   532 ||   532
  Dodge: Dodged            |    12 |    51 |   274 |   667 ||  1004

Table legend: (Time is in decaauts)
 A = Elapsed time spent in this place.
 B = Non-inter-level travel time spent in this place.
 C = Inter-level travel time spent in this place.
 D = Time resting spent in this place.
 E = Time spent auto-exploring this place.
 F = Levels seen in this place.
 G = Mean time per level.
                   A        B        C        D        E       F      G
               +--------+--------+--------+--------+--------+-----+--------+
         Total |  15709 |  14826 |    883 |   2356 |   8524 |  15 | 1047.3 |
       Dungeon |  13555 |  12856 |    699 |   2143 |   7435 |  11 | 1232.3 |
        Temple |    170 |      2 |    168 |      0 |      0 |   1 |  170.0 |
          Lair |   1651 |   1635 |     16 |    213 |   1089 |   2 |  825.5 |
       Ossuary |    331 |    331 |      0 |      0 |      0 |   1 |  331.0 |
               +--------+--------+--------+--------+--------+-----+--------+

Top non-repeatable levels by time:
     D:8: 2315 daAuts
    D:11: 1840 daAuts
     D:9: 1459 daAuts
     D:5: 1413 daAuts
  Lair:1: 1224 daAuts
     D:7: 1150 daAuts
     D:6: 1136 daAuts
     D:1: 1024 daAuts
     D:4: 928 daAuts
    D:10: 788 daAuts
     D:3: 773 daAuts
     D:2: 724 daAuts
  Lair:2: 426 daAuts
 Ossuary: 331 daAuts
  Temple: 170 daAuts
